 Dungeon Crawl Stone Soup version 0.27.0 (webtiles) character file.

Game seed: 5434008282540899866

529 Spaninq the Covert (level 7, -8/60 HPs)
             Began as a Gnoll Delver on July 30, 2021.
             Was a Believer of Nemelex Xobeh.
             Mangled by Edmund (17 damage)
             ... on level 4 of the Dungeon.
             The game lasted 00:12:01 (4811 turns).

Spaninq the Covert (Gnoll Delver)                   Turns: 4811, Time: 00:12:03

Health: -8/60      AC:  3    Str: 13    XL:     7   Next: 23%
Magic:  10/10      EV: 13    Int: 10    God:    Nemelex Xobeh [**....]
Gold:   165        SH:  0    Dex: 13    Spells: 10/10 levels left

rFire    . . .     SeeInvis +   m - +4 whip
rCold    . . .     Faith    .   (no shield)
rNeg     . . .     Spirit   .   b - +0 leather armour
rPois    .         Reflect  .   (no helmet)
rElec    .         Harm     .   (no cloak)
rCorr    .         Rampage  .   (no gloves)
Will     .....                  (no boots)
Stlth    ++++......             k - amulet of the acrobat
HPRegen  0.20/turn              j - ring of see invisible
MPRegen  0.12/turn              (no ring)

@: no status effects
A: fangs 1, strong nose, distributed training, screaming 1
a: Renounce Religion, Draw Escape, Draw Destruction, Draw Summoning


You were on level 4 of the Dungeon.
You worshipped Nemelex Xobeh.
Nemelex Xobeh was pleased with you.
You visited 1 branch of the dungeon, and saw 5 of its levels.

You collected 165 gold pieces.

Inventory:

Hand Weapons
 a - a +0 hand axe
 m - a +4 whip (weapon)
Armour
 b - a +0 leather armour (worn)
 l - a +0 kite shield
Jewellery
 j - a ring of see invisible (left hand)
 k - an amulet of the acrobat (around neck)
Wands
 g - a wand of digging (3)
Scrolls
 c - 2 scrolls of fog
 d - a scroll of magic mapping
 e - a scroll of fear
 i - a scroll of torment {unknown}
 n - a scroll of teleportation
 q - 2 scrolls of amnesia {unknown}
 r - 2 scrolls of enchant armour {unknown}
 u - a scroll of summoning {unknown}
Potions
 f - a potion of haste
 h - a potion of flight
 o - a potion of resistance
 p - a potion of brilliance
 t - a potion of cancellation {unknown}


   Skills:
 + Level 7.0 Fighting
 + Level 2.3 Short Blades
 + Level 2.3 Long Blades
 + Level 5.2 Axes
 + Level 2.3 Maces & Flails
 + Level 2.3 Polearms
 + Level 2.3 Staves
 + Level 2.3 Slings
 + Level 2.3 Bows
 + Level 2.3 Crossbows
 + Level 2.3 Throwing
 + Level 2.3 Armour
 + Level 5.2 Dodging
 + Level 9.8 Stealth
 + Level 2.3 Shields
 + Level 2.3 Unarmed Combat
 + Level 2.3 Spellcasting
 + Level 1.9 Conjurations
 + Level 1.9 Hexes
 + Level 1.9 Summonings
 + Level 1.9 Necromancy
 + Level 1.9 Translocations
 + Level 1.9 Transmutations
 + Level 1.9 Fire Magic
 + Level 1.9 Ice Magic
 + Level 1.9 Air Magic
 + Level 1.9 Earth Magic
 + Level 1.9 Poison Magic
 + Level 2.6 Invocations
 + Level 2.3 Evocations


You had 10 spell levels left.
You didn't know any spells.
Your spell library contained the following spells:

 Spells                   Type           Power      Damage    Failure   Level
 Corona                   Hex            5%         N/A       17%         1
 Ensorcelled Hibernation  Hex/Ice        10%        N/A       26%         2
 Spider Form              Tmut/Pois      2%         N/A       45%         3
 Tukima's Dance           Hex            5%         N/A       45%         3
 Shadow Creatures         Summ           N/A        N/A       100%        6


Dungeon Overview and Level Annotations

Branches:
Dungeon (5/15)             Temple (0/1) D:4

Altars:
Nemelex Xobeh

Annotations:
D:4 Edmund


Innate Abilities, Weirdness & Mutations

You have very sharp teeth.
Your uncanny sense of smell can sniff out nearby items.
Your experience applies equally to all skills.
You occasionally shout uncontrollably at your foes.


Message History

Edmund says, "A flail is better than a scythe, any day of the week!"
Edmund zaps a wand.
The puff of flame hits you!
* * * LOW HITPOINT WARNING * * *
The ball python misses you. The ball python closely misses you.
You hit the ball python.
The ball python is severely wounded.
The ball python completely misses you. The ball python grabs you.
* * * LOW HITPOINT WARNING * * *
The ball python constricts you. The ball python bites you.
* * * LOW HITPOINT WARNING * * *
The ball python constricts you.
You barely miss the ball python.
The ball python is severely wounded.
The ball python bites you but does no damage.
The ball python constricts you.
You barely miss the ball python.
The ball python is severely wounded.
The ball python closely misses you. The ball python constricts you.
You whack the ball python!
You kill the ball python!
You closely miss Edmund. Your bite misses Edmund.
Edmund is moderately wounded.
Edmund zaps a wand.
The puff of flame hits you.
* * * LOW HITPOINT WARNING * * *
Okay, then.
Okay, then.
You draw a card...
You have drawn Vitriol.
Press: ? - help, Shift-Dir - straight line, f - Edmund
Aim: Edmund, wielding a +2 dire flail of protection, wearing a +0 leather armour and carrying a wand of flame (16) (moderately wounded)
The bolt of acid hits Edmund!
Edmund is splashed with acid.
The acid corrodes Edmund!
Edmund is severely wounded.
The bolt of acid hits the dart slug!
The dart slug is splashed with acid!
The acid corrodes the dart slug!
You kill the dart slug!
The deck of cards glows with a rainbow of weird colours and disappears.
Edmund hits you with a +2 dire flail of protection!
You die...
Your body disappears without a glow.

#.....#####.....#
##...## #######
##.##### #......#
#.####### #
###........ #
#.......... #
#.##....... #@#
####### #@#######
#†......#
#.##.##.#
#.......#
#.......#
#.#...#.#
#.......#
#.......#


You could see Edmund (corroded).

Vanquished Creatures
  Sigmund (D:3)
  A scorpion (D:4)
  A wyvern skeleton (D:3)
  A jelly (D:4)
  A hound (D:3)
  An orc wizard (D:3)
  4 gnolls (D:2)
  4 adders
  A worm (D:2)
  3 dart slugs
  3 orcs (D:3)
  7 ball pythons
  7 endoplasms
  A giant cockroach (D:2)
  A goblin (D:1)
  6 hobgoblins
  9 jackals
  12 kobolds
  5 quokkas
  6 bats
  3 frilled lizards
  12 rats
90 creatures vanquished.

Notes
Turn   | Place    | Note
-------+----------+-------------------------------------------
     0 | D:5      | Reached skill level 9 in Stealth
     0 | D:5      | Spaninq the Gnoll Delver began the quest for the Orb.
     0 | D:5      | Reached XP level 1. HP: 23/23 MP: 1/1
    18 | D:5      | Noticed a hound
   193 | D:4      | Noticed a scorpion
   258 | D:4      | Noticed a jelly
   540 | D:2      | Reached XP level 2. HP: 29/29 MP: 2/2
   829 | D:1      | Reached XP level 3. HP: 35/35 MP: 3/3
  1308 | D:1      | Reached skill level 1 in Invocations
  1376 | D:1      | Found a faded altar of an unknown god.
  1385 | D:1      | Became a worshipper of Nemelex Xobeh the Trickster
  1385 | D:1      | Reached * piety under Nemelex Xobeh
  1707 | D:1      | Received a gift from Nemelex Xobeh
  1787 | D:1      | Reached skill level 1 in Short Blades
  1787 | D:1      | Reached skill level 1 in Long Blades
  1787 | D:1      | Reached skill level 1 in Maces & Flails
  1787 | D:1      | Reached skill level 1 in Polearms
  1787 | D:1      | Reached skill level 1 in Staves
  1787 | D:1      | Reached skill level 1 in Slings
  1787 | D:1      | Reached skill level 1 in Bows
  1787 | D:1      | Reached skill level 1 in Crossbows
  1787 | D:1      | Reached skill level 1 in Throwing
  1787 | D:1      | Reached skill level 1 in Armour
  1787 | D:1      | Reached skill level 1 in Shields
  1787 | D:1      | Reached skill level 1 in Unarmed Combat
  1787 | D:1      | Reached skill level 1 in Spellcasting
  1787 | D:1      | Reached skill level 1 in Evocations
  1815 | D:2      | Reached XP level 4. HP: 33/41 MP: 5/5
  2277 | D:2      | Reached skill level 1 in Conjurations
  2277 | D:2      | Reached skill level 1 in Hexes
  2277 | D:2      | Reached skill level 1 in Summonings
  2277 | D:2      | Reached skill level 1 in Necromancy
  2277 | D:2      | Reached skill level 1 in Translocations
  2277 | D:2      | Reached skill level 1 in Transmutations
  2277 | D:2      | Reached skill level 1 in Fire Magic
  2277 | D:2      | Reached skill level 1 in Ice Magic
  2277 | D:2      | Reached skill level 1 in Air Magic
  2277 | D:2      | Reached skill level 1 in Earth Magic
  2277 | D:2      | Reached skill level 1 in Poison Magic
  2387 | D:2      | Reached XP level 5. HP: 35/47 MP: 5/7
  2876 | D:3      | Noticed Sigmund
  3027 | D:3      | Killed Sigmund
  3028 | D:3      | Reached skill level 5 in Axes
  3028 | D:3      | Reached skill level 5 in Dodging
  3028 | D:3      | Reached XP level 6. HP: 38/53 MP: 4/8
  3144 | D:3      | Noticed Terence
  3188 | D:3      | Noticed Terence
  3188 | D:3      | Terence changed into Terence the hound
  3190 | D:3      | Killed Terence the hound
  3448 | D:3      | Reached ** piety under Nemelex Xobeh
  4274 | D:4      | Reached XP level 7. HP: 59/59 MP: 10/10
  4306 | D:4      | Gained mutation: You occasionally shout uncontrollably at
                  | your foes. [potion of mutation]
  4306 | D:4      | Gained mutation: You are clumsy. (Dex -2) [potion of
                  | mutation]
  4306 | D:4      | Lost mutation: You are clumsy. (Dex -2) [potion of
                  | mutation]
  4310 | D:4      | HP: 3/60 [acid (5)]
  4789 | D:4      | Noticed Edmund
  4792 | D:4      | Found a staircase to the Ecumenical Temple.
  4811 | D:4      | Mangled by Edmund

Illustrated notes

Levels and vault maps discovered:
D:1:      dpeg_arrival_ratfight, layout_basic,
          shapermc_ecumenical_altar_totnotflames, grunt_decor_mini_mirrors,
          lemuel_another_geyser
D:2:      layout_basic
D:3:      layout_basic, uniq_terence, uniq_sigmund
D:4:      layout_loops_cross, lemuel_blue_sif_altar, temple_hall, uniq_edmund
D:5:      layout_basic, minmay_misc_feat_encased, uniq_duvessa

Skill      XL: |  1  2  3  4  5  6  7 |
---------------+----------------------+-----
Stealth        | |  9.8
Invocations    | 1 2 |  2.6
Short Blades   | 1 2 |  2.3
Long Blades    | 1 2 |  2.3
Maces & Flails | 1 2 |  2.3
Polearms       | 1 2 |  2.3
Staves         | 1 2 |  2.3
Slings         | 1 2 |  2.3
Bows           | 1 2 |  2.3
Crossbows      | 1 2 |  2.3
Throwing       | 1 2 |  2.3
Armour         | 1 2 |  2.3
Shields        | 1 2 |  2.3
Unarmed Combat | 1 2 |  2.3
Spellcasting   | 1 2 |  2.3
Evocations     | 1 2 |  2.3
Conjurations   | 1 |  1.9
Hexes          | 1 |  1.9
Summonings     | 1 |  1.9
Necromancy     | 1 |  1.9
Translocations | 1 |  1.9
Transmutations | 1 |  1.9
Fire Magic     | 1 |  1.9
Ice Magic      | 1 |  1.9
Air Magic      | 1 |  1.9
Earth Magic    | 1 |  1.9
Poison Magic   | 1 |  1.9
Axes           | 5 |  5.2
Dodging        | 5 |  5.2
Fighting       | 7 |  7.0

Action                   |  1- 3 |  4- 6 |  7- 9 || total
-------------------------+-------+-------+-------++-------
Melee: Hand axe          |    10 |       |       ||    10
       Whip              |   102 |   143 |    25 ||   270
       Bite              |     9 |    17 |     2 ||    28
Invok: Draw Destruction  |       |     1 |     1 ||     2
  Use: Scroll            |       |     5 |     1 ||     6
       Potion            |       |       |     3 ||     3
 Stab: Sleeping          |    13 |     7 |       ||    20
       Distracted        |       |     1 |     1 ||     2
Armor: Leather armour    |    20 |    11 |     3 ||    34
Dodge: Dodged            |   110 |    84 |    14 ||   208
